 Dungeon Crawl Stone Soup version 0.29.0-11-gd7f09526c8 (webtiles) character file.

Game seed: 6724833348290359634

996 Ordine the Cudgeller (level 8, -1/51 HPs)
             Began as a Gargoyle Fighter on Sept 3, 2022.
             Slain by an ogre
             ... wielding a +0 giant club
              (14 damage)
             ... on level 5 of the Dungeon.
             The game lasted 00:14:33 (5563 turns).

Ordine the Cudgeller (Gargoyle Fighter)             Turns: 5563, Time: 00:14:34

Health: -1/51      AC: 15    Str: 22    XL:     8   Next: 19%
Magic:  8/8        EV:  9    Int:  9    God:
Gold:   142        SH: 10    Dex: 15    Spells: 7/7 levels left

rFire   . . .      SeeInvis .   a - +0 flail
rCold   . . .      Faith    .   c - +0 buckler
rNeg    + . .      Spirit   .   b - +0 scale mail
rPois   ∞          Reflect  +   (no helmet)
rElec   +          Harm     .   (no cloak)
rCorr   .          Rampage  .   k - +2 pair of gloves
Will    +....                   (no boots)
Stlth   ..........              D - amulet of reflection
HPRegen 0.17/turn               o - +6 ring of dexterity
MPRegen 0.11/turn               v - ring of willpower

@: no status effects
A: sickness immunity, AC +5, negative energy resistance 1, electricity
resistance, torment resistance 1, petrification resistance
a: no special abilities


You were on level 5 of the Dungeon.
You visited 1 branch of the dungeon, and saw 5 of its levels.

You collected 283 gold pieces.
You spent 141 gold pieces at shops.

Inventory:

Hand Weapons
 a - a +0 flail (weapon)
Missiles
 m - 3 atropa-tipped darts (quivered)
 q - 13 poisoned darts
 x - 11 boomerangs
 y - a boomerang of dispersal
Armour
 b - a +0 scale mail (worn)
 c - a +0 buckler (worn)
 k - a +2 pair of gloves (worn)
Jewellery
 o - a +6 ring of dexterity (left hand)
 v - a ring of willpower (right hand)
 w - a ring of flight
 D - an amulet of reflection (around neck)
Wands
 B - a wand of paralysis (14)
 C - a wand of flame (25)
Scrolls
 d - a scroll of enchant weapon {unknown}
 f - a scroll of fog {unknown}
 g - 2 scrolls of immolation {unknown}
 h - 3 scrolls of teleportation
 i - a scroll of noise {unknown}
 l - 3 scrolls of fear
 p - a scroll of amnesia {unknown}
 s - a scroll of blinking {unknown}
 A - a scroll of silence {unknown}
Potions
 e - 3 potions of haste
 j - a potion of cancellation
 n - 2 potions of ambrosia
 r - a potion of mutation
 t - 2 potions of brilliance
 u - 3 potions of curing
 z - a potion of magic {unknown}


   Skills:
 + Level 6.0 Fighting
 * Level 6.8 Maces & Flails
 - Level 3.2 Armour
 - Level 6.0 Shields


You had 7 spell levels left.
You didn't know any spells.
Your spell library contained the following spells:

 Spells                   Type           Power      Damage    Failure   Level
 Apportation              Tloc           0%         N/A       80%         1
 Ozocubu's Armour         Ice            0%         N/A       99%         3
 Alistair's Intoxication  Tmut/Pois      0%         N/A       100%        5
 Ozocubu's Refrigeration  Ice            0%         4d7       100%        7


Dungeon Overview and Level Annotations

Branches:
Dungeon (5/15)
 Temple: D:4-7

Altars:
Gozag
Nemelex Xobeh
Zin

Shops:
D:1 ?   D:3 (?[*:   D:4 :*


Innate Abilities, Weirdness & Mutations

You are immune to sickness and miasma.
Your stone body is resilient. (AC +5)
You are immune to poison.
You resist negative energy. (rN+)
You are resistant to electric shocks. (rElec)
You are resistant to unholy torment.
You are immune to petrification.


Message History

You barely miss the phantom.
The phantom is moderately damaged.
The phantom hits you.
The phantom blinks!
You blink.
You closely miss the phantom.
The phantom is moderately damaged.
You block the phantom's attack.
You barely miss the phantom.
The phantom is moderately damaged.
You block the phantom's attack.
You hit the phantom.
The phantom is heavily damaged.
You block the phantom's attack. x2
You sock the phantom!
You destroy the phantom!
Training target 6.0 for Shields reached!
Your Fighting skill increases to level 6!
Your Shields skill increases to level 6!
No target in view!
No target in view!
No target in view!
Your movement speed is average.
Your attack delay is about 1.0.
Your base attributes are Str 22, Int 9, Dex 9.
x - 11 boomerangs (gained 3)
You see here a +0 club.
An ogre comes into view. It is wielding a +0 giant club.
Found 6 gold pieces.
The ogre shouts!
You hit the ogre.
The ogre is lightly wounded.
The ogre hits you with a +0 giant club!!
You barely miss the ogre.
The ogre is lightly wounded.
You hit the ogre.
The ogre is heavily wounded.
The ogre hits you with a +0 giant club!
* * * LOW HITPOINT WARNING * * *
You are too injured to fight recklessly!
You are too injured to fight recklessly!
The ogre attacks as you move away! The ogre hits you with a +0 giant club!
You die...

... #.#.#.#
.. #.#.#.###
# #.#...#
#.###.#
#.....#######
####........#
# #.######.#
# #.# #@# #
#O####...#
#.........
#...######$#
###.. ###


You could see an ogre.

Vanquished Creatures
  A water moccasin (D:5)
  2 black bears
  An orc warrior (D:4)
  A phantom (D:5)
  A bullfrog (D:4)
  A howler monkey (D:5)
  An orc priest (D:4)
  A hound (D:5)
  6 orc wizards
  2 iguanas (D:5)
  3 gnolls
  6 adders
  An ufetubus (D:4)
  A worm (D:2)
  A dart slug (D:3)
  19 orcs
  9 ball pythons
  5 endoplasms
  2 giant cockroaches (D:4)
  8 goblins
  7 hobgoblins
  6 jackals
  8 quokkas
  4 bats
  4 frilled lizards
  7 kobolds
  6 rats
114 creatures vanquished.

Notes
Turn   | Place    | Note
-------+----------+-------------------------------------------
     0 | D:1      | Ordine the Gargoyle Fighter began the quest for the Orb.
     0 | D:1      | Reached XP level 1. HP: 14/14 MP: 1/1
    25 | D:1      | Found Ophoorip's Magic Scroll Boutique.
   357 | D:1      | Reached XP level 2. HP: 19/19 MP: 2/2
   367 | D:1      | Found a faded altar of an unknown god.
   953 | D:2      | Reached XP level 3. HP: 17/23 MP: 3/3
  1860 | D:3      | Found a sparkling altar of Nemelex Xobeh.
  1892 | D:3      | Found a glowing silver altar of Zin.
  1899 | D:3      | Found Tiuma's General Store.
  1939 | D:3      | Found Zauxoir's Armour Shop.
  1958 | D:3      | Found Kemoriam's Magic Scroll Emporium.
  1994 | D:3      | Reached XP level 4. HP: 28/29 MP: 4/4
  2158 | D:3      | Found Deemi's Book Shop.
  2310 | D:3      | Found Mefe Ore's Weapon Shop.
  2771 | D:1      | Bought a scroll of identify for 24 gold pieces
  2771 | D:1      | Bought a scroll of teleportation for 36 gold pieces
  2855 | D:3      | Bought a potion of curing for 33 gold pieces
  2939 | D:1      | Bought a scroll of fear for 48 gold pieces
  3295 | D:4      | Reached XP level 5. HP: 33/33 MP: 5/5
  3300 | D:4      | Found Lohab's Assorted Antiques.
  3850 | D:4      | Found Zoh Buck's Book Emporium.
  3882 | D:4      | Reached XP level 6. HP: 39/39 MP: 6/6
  4005 | D:4      | Noticed an orc warrior
  4010 | D:4      | Killed an orc warrior
  4011 | D:4      | Reached skill level 5 in Maces & Flails
  4210 | D:4      | Found an opulent altar of Gozag.
  4245 | D:4      | Noticed a black bear
  4255 | D:4      | Killed a black bear
  4256 | D:4      | Reached skill level 5 in Fighting
  4256 | D:4      | Reached skill level 5 in Shields
  4256 | D:4      | Reached XP level 7. HP: 42/44 MP: 7/7
  4947 | D:5      | Entered Level 5 of the Dungeon
  5333 | D:5      | Reached XP level 8. HP: 32/51 MP: 8/8
  5563 | D:5      | Slain by an ogre

Illustrated notes

Levels and vault maps discovered:
D:1:      spicycebolla_green_bress_n_ham_2, layout_loops_ring,
          dreamdust_ecumenical_altar_statues, serial_shops, nicolae_shop_trees
D:2:      layout_loops_ring
D:3:      layout_loops_ring, nicolae_overflow_crystal_walls, zin_academy,
          serial_shops, shop, shop, shop, shop,
          nicolae_shop_bloodbath_and_beyond, minivault_24
D:4:      layout_gridville, nicolae_gozag_cash_rules_everything_around_me,
          serial_shops, shop, shop_statue, chequers_decorated_corner,
          st_stairs_8, guppyfry_early_orc_mine
D:5:      layout_basic, lemuel_doored_altar, nicolae_ru_path_of_blood

Skill      XL: |  1  2  3  4  5  6  7  8 |
---------------+-------------------------+-----
Maces & Flails | 3 4 5 6 |  6.8
Shields        | 4 5 6 |  6.0
Fighting       | 4 5 6 |  6.0
Armour         | |  3.2

Action                   |  1- 3 |  4- 6 |  7- 9 || total
-------------------------+-------+-------+-------++-------
Melee: Flail             |   146 |   162 |   177 ||   485
  Use: Scroll            |       |     3 |     2 ||     5
       Potion            |       |     1 |       ||     1
Armor: Scale mail        |    79 |   117 |    92 ||   288
Dodge: Dodged            |    82 |    97 |    67 ||   246
Block: Buckler           |    39 |    46 |    90 ||   175
       Reflection        |       |       |     1 ||     1
